 Dungeon Crawl Stone Soup version 0.25-a0-287-g56a5b49892 (webtiles) character file.

Game seed: 5635140512335953770, levelgen mode: deterministic

4346 MisterFreud the Grappler (level 10, -9/97 (98) HPs)
             Began as a Troll Monk on Dec 12, 2019.
             Mangled by Harold
             ... wielding a +0 morningstar
              (14 damage)
             ... on level 9 of the Dungeon.
             The game lasted 00:11:30 (5803 turns).

MisterFreud the Grappler (Troll Monk)               Turns: 5803, Time: 00:11:31

HP:   -9/97 (98)    AC:  7    Str: 24    XL:     10   Next: 12%
MP:   9/9           EV: 10    Int:  6    God:
Gold: 459           SH: 10    Dex: 12    Spells: 9/9 levels left

rFire    . . .     SeeInvis +     - Unarmed
rCold    . . .     Gourm    +   l - +1 shield
rNeg     . . .     Faith    .   a - +0 robe
rPois    +         Spirit   .   (helmet restricted)
rElec    .         Reflect  .   D - +0 cloak
rCorr    .         Harm     .   (gloves unavailable)
MR       .....                  (boots unavailable)
Stlth    +.........             (no amulet)
HPRegen  0.66/turn              i - ring of see invisible
MPRegen  0.11/turn              x - ring of poison resistance

@: drained, invisible
A: large, unfitting armour, claws 3, fast metabolism 3, gourmand, regeneration
1, shaggy fur 1, tough skin 3
a: no special abilities


You were on level 9 of the Dungeon.
You were not hungry.

You visited 2 branches of the dungeon, and saw 10 of its levels.

You collected 522 gold pieces.
You spent 63 gold pieces at shops.

Inventory:

Missiles
 t - 8 boomerangs (quivered)
Armour
 a - a +0 robe (worn)
 l - a +1 shield (worn)
 D - a +0 cloak (worn)
Jewellery
 i - a ring of see invisible (left claw)
 x - a ring of poison resistance (right claw)
 A - an uncursed ring of protection from cold
Wands
 f - a wand of polymorph (7)
 m - a wand of iceblast (3)
 y - a wand of paralysis (12)
Scrolls
 c - 2 scrolls of enchant weapon
 d - 3 scrolls of amnesia
 e - 4 scrolls of teleportation
 o - 2 scrolls of enchant armour
 p - 7 scrolls of remove curse
 v - a scroll of fog
 B - 2 scrolls of fear
 C - a scroll of blinking
Potions
 g - 2 potions of haste
 h - a potion of berserk rage
 j - 7 potions of brilliance
 k - a potion of flight
 n - 3 potions of might
 r - a potion of mutation
 s - 2 potions of agility
 u - 2 potions of ambrosia
 w - 3 potions of curing
 z - a potion of magic
 E - 3 potions of heal wounds
Comestibles
 b - 9 rations


   Skills:
 + Level 5.9(4.8) Fighting
 + Level 5.7(4.6) Throwing
 + Level 5.9(4.8) Dodging
 - Level 1.0(0.0) Stealth
 + Level 4.8(3.7) Shields
 - Level 8.2(7.0) Unarmed Combat


You had 9 spell levels left.
You didn't know any spells.
Your spell library contained the following spells:

 Spells                   Type           Power        Failure   Level  Hunger
 Confusing Touch          Hex            #.....       83%         1    ##.....
 Sandblast                Erth           #.....       83%         1    ##.....
 Passwall                 Tmut/Erth      #.......     93%         2    ###....
 Confuse                  Hex            #.......     99%         3    ####...
 Gell's Gravitas          Tloc           #.........   99%         3    ####...
 Stone Arrow              Conj/Erth      #.....       99%         3    ####...
 Petrify                  Tmut/Erth      #.......     100%        4    #####..
 Lee's Rapid Deconstruct  Erth           #.........   100%        5    ######.
 Metabolic Englaciation   Hex/Ice        #.........   100%        5    ######.
 Yara's Violent Unravell  Hex/Tmut       #.........   100%        5    ######.


Dungeon Overview and Level Annotations

Branches:
Dungeon (9/15)             Temple (1/1) D:4             Orc (0/2) D:9
   Lair: D:8-11

Altars:
Ashenzari
Cheibriados
Dithmenos
Elyvilon
Fedhas
Gozag
Hepliaklqana
Okawaru
Qazlal
Ru
Trog
Uskayaw
Vehumet
Wu Jian
Zin
The Shining One
Lugonu

Shops:
D:5 [

Annotations:
D:7 exclusion: oklob plant
D:9 Harold


Innate Abilities, Weirdness & Mutations

You are too large for most types of armour.
You have claws for hands.
Your metabolism is lightning-fast.
You like to eat raw meat.
Your natural rate of healing is unusually fast.
You are covered in fur. (AC +1)
You have extremely tough skin. (AC +3)


Message History

You kill the orc wizard!
You block the hound's attack. You block the gnoll's attack.
You closely miss the hound. You block the hound's attack.
The gnoll hits you but does no damage.
An orc priest comes into view. It is wielding a +1 mace of protection.
The hound barely misses you.
You barely miss the hound.
The orc priest shouts!
You hear a shout!
The hound barely misses you.
Your shield prevents you from hitting the hound.
The hound bites you.
* * * LOW HITPOINT WARNING * * *
An orc wizard comes into view. It is wielding a +0 dagger.
You fade into invisibility!
The hound barely misses you.
The orc priest invokes the aid of Beogh against you.
Beogh smites you!
* * * LOW HITPOINT WARNING * * *
Harold hits you with a +0 morningstar!
You die...

##.#.##.....
#.....o...o#
#####........
#....(r(....#
##.##gg.....#
# #g#.....>
#g#.#####
#@#.# #@# #
#h# #o# ..#
#.# ..# #.#
#.#


You could see Harold, a hound, an orc priest, an orc wizard (wandering), 4
gnolls and a quokka.

Vanquished Creatures
  A two-headed ogre (D:8)
  Maurice (D:8)
  Joseph (D:8)
  Prince Ribbit (D:6)
  A wyvern (D:9)
  Grum (D:8)
  Menkaure (D:6)
  An orc warrior (D:8)
  2 ice beasts (D:5)
  A sky beast (D:6)
  A necrophage (D:7)
  2 ogres
  2 wolves (D:8)
  4 centaurs
  A big kobold (D:8)
  Blork the orc (D:6)
  2 bullfrogs
  A gnoll sergeant (D:9)
  A wyvern skeleton (D:6)
  A scorpion (D:8)
  8 wights
  3 crimson imps
  2 jellies (D:5)
  2 orc priests (D:8)
  3 orc wizards
  4 iguanas
  9 worker ants
  Robin (D:4)
  4 adders
  2 shadow imps
  2 oozes (D:2)
  2 adder skeletons (D:4)
  2 worms (D:2)
  A leopard gecko (D:1)
  11 orcs
  4 bats
  3 giant cockroaches
  14 goblins
  21 hobgoblins
  14 jackals
  10 kobolds
  A quokka (D:3)
  2 ball pythons
  4 frilled lizards
  A jackal skeleton (D:7)
  A quokka skeleton (D:5)
  15 rats
173 creatures vanquished.

Notes
Turn   | Place    | Note
-------+----------+-------------------------------------------
     0 | D:1      | MisterFreud the Troll Monk began the quest for the Orb.
     0 | D:1      | Reached XP level 1. HP: 22/22 MP: 0/0
   181 | D:1      | Reached XP level 2. HP: 29/29 MP: 1/1
   611 | D:1      | Reached skill level 4 in Unarmed Combat
   638 | D:1      | Reached XP level 3. HP: 36/36 MP: 2/2
  1002 | D:2      | Found an iron altar of Okawaru.
  1051 | D:2      | Reached XP level 4. HP: 43/44 MP: 3/3
  1133 | D:2      | Reached skill level 5 in Unarmed Combat
  2192 | D:4      | Found a stormy altar of Qazlal.
  2261 | D:4      | Found a staircase to the Ecumenical Temple.
  2364 | Temple   | Entered the Ecumenical Temple
  2436 | D:4      | Noticed Robin
  2462 | D:4      | Reached XP level 5. HP: 45/50 MP: 4/4
  2481 | D:4      | Killed Robin
  2481 | D:4      | Reached skill level 6 in Unarmed Combat
  2890 | D:4      | Reached XP level 6. HP: 50/59 MP: 5/5
  3173 | D:5      | Entered Level 5 of the Dungeon
  3194 | D:5      | Reached skill level 7 in Unarmed Combat
  3206 | D:5      | Noticed an ice beast
  3219 | D:5      | Killed an ice beast
  3251 | D:5      | Found a sacrificial altar of Ru.
  3444 | D:5      | Noticed an ice beast
  3450 | D:5      | Killed an ice beast
  3450 | D:5      | Reached skill level 8 in Unarmed Combat
  3450 | D:5      | Reached XP level 7. HP: 66/66 MP: 6/6
  3496 | D:5      | Reached skill level 1 in Throwing
  3511 | D:5      | Found Qayton's Armour Boutique.
  3533 | D:5      | Bought a +0 shield for 63 gold pieces
  3588 | D:5      | Reached skill level 1 in Shields
  3720 | D:5      | Noticed a moth of wrath
  3723 | D:5      | Found a bloodstained altar of Trog.
  3874 | D:6      | Found a shattered altar of Ashenzari.
  3887 | D:6      | Noticed Menkaure
  3894 | D:6      | Killed Menkaure
  3894 | D:6      | Reached XP level 8. HP: 41/75 MP: 7/7
  3945 | D:6      | Noticed Prince Ribbit
  3953 | D:6      | Killed Prince Ribbit
  4036 | D:6      | Found a shadowy altar of Dithmenos.
  4173 | D:6      | Noticed Blork the orc
  4176 | D:6      | Killed Blork the orc
  4437 | D:6      | Found a glowing golden altar of the Shining One.
  4741 | D:7      | Reached XP level 9. HP: 85/85 MP: 8/8
  4934 | D:7      | Found a blossoming altar of Fedhas.
  4949 | D:7      | Noticed an oklob plant
  5062 | D:8      | Found a white marble altar of Elyvilon.
  5192 | D:8      | Noticed a two-headed ogre
  5216 | D:8      | Killed a two-headed ogre
  5216 | D:8      | Reached skill level 5 in Fighting
  5216 | D:8      | Reached skill level 5 in Throwing
  5216 | D:8      | Reached skill level 5 in Dodging
  5376 | D:8      | Found an ornate altar of the Wu Jian Council.
  5401 | D:8      | Noticed Joseph
  5415 | D:8      | Killed Joseph
  5433 | D:8      | Noticed Grum
  5651 | D:8      | Killed Grum
  5651 | D:8      | Reached XP level 10. HP: 58/97 MP: 9/9
  5703 | D:8      | Noticed Maurice
  5721 | D:8      | Killed Maurice
  5786 | D:9      | Noticed Harold
  5787 | D:9      | Found a staircase to the Orcish Mines.
  5803 | D:9      | Mangled by Harold

Levels and vault maps discovered:
D:1:      minmay_arrival_shattered_statue, layout_basic
D:2:      layout_rooms, corexii_hall_statues_u, kennysheep_okawaru_gauntlet
D:3:      layout_loops_corners, kennysheep_generic_room_4
D:4:      layout_gridville, lemuel_doored_altar, lemuel_temple_firewalk_a,
          first_ration, uniq_robin
D:5:      layout_rooms, nicolae_ru_sacrificial_ziggurat, tgw_trog, serial_shops,
          nicolae_shop_temple_entry_statues_fountains
D:6:      layout_loops_ring, nicolae_dithmenos_through_a_glass_darkly,
          kennysheep_mini_moat, old_standard_altar, uniq_blork_the_orc,
          uniq_prince_ribbit1, uniq_menkaure
D:7:      layout_rooms, tgw_fedhas
D:8:      layout_rooms, nicolae_overflow_crystal_walls, lemuel_crystal_altar,
          uniq_grum, uniq_joseph, uniq_maurice
D:9:      minmay_the_grid_3x3 [minmay_the_grid_outer_diamond,
          minmay_the_grid_spin_star, minmay_the_grid_aliased_spiral,
          minmay_the_grid_empty, minmay_the_grid_gridbox, minmay_the_grid_mess,
          minmay_the_grid_x, minmay_the_grid_tree,
          minmay_the_grid_prize_diamond_cup], layout_basic, lemuel_round_altar,
          chequers_temple_overflow_statue_of_worship, ebering_ghost_xom,
          grunt_ogre_cave, minmay_circle_x, uniq_harold, uniq_erolcha
Temple:   corrupted_temple

Skill      XL: |  1  2  3  4  5  6  7  8  9 |
---------------+----------------------------+-----
Unarmed Combat | 4 5 6 8 |  8.2
Throwing       | 2 3 5 |  5.7
Fighting       | 3 4 5 |  5.9
Dodging        | 3 4 5 |  5.9
Shields        | 1 3 4 |  4.8
Stealth        | |  1.0

Action                   |  1- 3 |  4- 6 |  7- 9 | 10-12 || total
-------------------------+-------+-------+-------+-------++-------
Melee: Unarmed           |    96 |   154 |   236 |    40 ||   526
       Punch             |     1 |     4 |     1 |       ||     6
Throw: Boomerang         |       |       |     1 |       ||     1
  Use: Scroll            |       |    14 |     9 |       ||    23
       Potion            |       |       |       |     1 ||     1
 Stab: Sleeping          |     4 |     1 |     2 |       ||     7
       Distracted        |       |     1 |       |       ||     1
  Eat: Chunk             |    13 |    20 |    15 |     2 ||    50
       Ration            |       |     1 |       |       ||     1
Armor: Robe              |    29 |    54 |    41 |     7 ||   131
Dodge: Dodged            |    44 |    84 |    77 |     9 ||   214
Block: Shield            |       |       |    80 |    19 ||    99

Table legend:
 A = Non-vault XP
 B = Vault XP
 C = Vault XP percentage of total XP
 D = Non-vault monster count
 E = Vault monster count
 F = Vault count percentage of total count
                 A         B        C        D         E       F
            +---------+---------+-------+---------+---------+-------
      Total |    4576 |    1633 |  26.3 |     147 |      26 |  15.0
            +---------+---------+-------+---------+---------+-------
        D:1 |      42 |       0 |   0.0 |      23 |       0 |   0.0
        D:2 |      61 |       0 |   0.0 |      20 |       0 |   0.0
        D:3 |      34 |       3 |   8.1 |      13 |       2 |  13.3
        D:4 |     258 |      35 |  11.9 |      19 |      11 |  36.7
        D:5 |     950 |       5 |   0.5 |      22 |       5 |  18.5
        D:6 |     720 |     512 |  41.6 |      10 |       3 |  23.1
        D:7 |     602 |       0 |   0.0 |      11 |       0 |   0.0
        D:8 |    1576 |    1078 |  40.6 |      24 |       5 |  17.2
        D:9 |     333 |       0 |   0.0 |       5 |       0 |   0.0
            +---------+---------+-------+---------+---------+-------
